Map: Ultralove

Players

Icarus - Winner!

  • Race: Terran Terran
  • League: Silver
  • Spawn Location: 7:00

Swarm

  • Race: Terran Terran
  • League: Silver
  • Spawn Location: 1:00

VOD

Have the link to the VOD?

Description

Time

  • Played on: March 27, 2025, 11:14 p.m.
  • Length: 13:05
Show
View Real Time Build Order
Export as new Build Order

Icarus Terran - Winner!

Build Orders:  

Get SALT Encoding   

  12  0:04  SCV  
  13  0:27  Supply Depot  
  12  6:55  SCV  
  13  7:33  SCV  
  14  7:45  SCV  
  15  7:57  Barracks  
  15  8:08  SCV  
  16  8:30  SCV, Refinery  
  17  8:42  SCV  
  18  8:54  SCV  
  19  9:16  SCV  
  20  9:28  SCV  
  21  9:40  Factory  
  21  10:03  Barracks Reactor  
  21  10:12  Refinery  
  21  10:33  Factory Tech Lab  
  21  10:51  Starport, Marine x2  
  23  11:00  Supply Depot  
  23  11:12  Orbital Command  
  23  11:23  Supply Depot  
  23  11:36  Cyclone  
  28  11:44  Starport Reactor  
  28  11:45  Supply Depot  
Show
View Real Time Build Order
Export as new Build Order

Swarm Terran 

Build Orders:  

Get SALT Encoding   

  12  0:00  SCV  
  13  0:13  SCV  
  14  0:20  Supply Depot  
  14  0:25  SCV  
  15  0:42  SCV  
  13  2:03  Command Center  
  10  3:56  Engineering Bay  
  9  4:28  Supply Depot  
  1  8:48  SCV  
Tags
 
Matchup
TvT
Race
Terran
Spawn Locations
Cross Positions
Add a new tag
Caveats
  • Supply blocks, unpowered buildings, or Contaminate may cause inaccurate times.
  • Supply counts are checked every 10 seconds.